 Dungeon Crawl Stone Soup version 0.30.1-4-g462c640d31 (webtiles) character file.

Game seed: 8700703604606630847

371 maxinsky the Trooper (level 7, -4/56 HPs)
             Began as a Human Fighter on Sept 9, 2023.
             Slain by a gnoll
             ... wielding a +0 halberd
             ... led by a gnoll bouda
              (9 damage)
             ... on level 5 of the Dungeon on Sept 14, 2023.
             The game lasted 00:25:35 (3294 turns).

maxinsky the Trooper (Human Fighter)                Turns: 3294, Time: 00:25:35

Health: -4/56      AC:  8    Str: 18    XL:     7   Next: 2%
Magic:  7/7        EV:  5    Int: 11    God:
Gold:   207        SH:  0    Dex: 15    Spells: 6/6 levels left

rFire   . . .        a - +0 long sword
rCold   x . .        c - +0 buckler
rNeg    . . .        z - +0 ring mail of Lyxkefetz {Rampage rF- Dex+2 SInv}
rPois   .            (no helmet)
rElec   .            (no cloak)
rCorr   .            i - +0 pair of gloves
SInv    +            s - +0 pair of boots "Jezuoti" {rF+ rC- Int+3 Slay+3}
Will    .....        (no amulet)
Stlth   +            (no ring)
HPRegen 0.29/turn    (no ring)
MPRegen 0.10/turn

%: rampage
@: held
A: no striking features
a: no special abilities


You were on level 5 of the Dungeon.
You visited 1 branch of the dungeon, and saw 5 of its levels.

You collected 207 gold pieces.

Inventory:

Hand Weapons
 a - a +0 long sword (weapon)
Missiles
 p - 2 throwing nets (quivered)
Armour
 b - a +0 scale mail
 c - a +0 buckler (worn)
 g - a +0 pair of boots
 i - a +0 pair of gloves (worn)
 s - the +0 pair of boots "Jezuoti" (worn) {rF+ rC- Int+3 Slay+3}
   (You found it on level 4 of the Dungeon)

   Int:       It affects your intelligence (+3).
   Slay:      It affects your accuracy & damage with ranged weapons and melee
   (+3).
   rF:        It protects you from fire.
   rC:        It makes you vulnerable to cold.
 z - the +0 ring mail of Lyxkefetz (worn) {Rampage rF- Dex+2 SInv}
   (You found it on level 4 of the Dungeon)

   Dex:       It affects your dexterity (+2).
   rF:        It makes you vulnerable to fire.
   SInv:      It lets you see invisible.
   Rampage:   It bestows one free step when moving towards enemies.
Wands
 A - a wand of acid (2)
Scrolls
 h - a scroll of brand weapon {unknown}
 j - a scroll of fear {unknown}
 l - 2 scrolls of teleportation
 q - 2 scrolls of torment
 r - a scroll of amnesia {unknown}
 t - a scroll of magic mapping {unknown}
 w - a scroll of enchant weapon {unknown}
Potions
 d - 2 potions of might
 e - a potion of cancellation
 f - 2 potions of lignification
 k - 2 potions of curing {unknown}
 m - 3 potions of heal wounds {unknown}
 n - a potion of haste {unknown}
 o - a potion of mutation {unknown}
 u - 2 potions of resistance {unknown}
 v - 2 potions of brilliance {unknown}


   Skills:
 - Level 5.2 Fighting
 - Level 2.0 Long Blades
 - Level 2.7 Throwing
 - Level 5.0 Armour
 - Level 0.4 Dodging
 + Level 3.0 Shields


You had 6 spell levels left.
You didn't know any spells.
Your spell library contained the following spells:

 Spells                   Type           Power      Damage    Failure   Level
 Poisonous Vapours        Pois/Air       0%         N/A       75%         2
 Mephitic Cloud           Conj/Pois/Air  0%         N/A       92%         3
 Freezing Cloud           Conj/Ice/Air   0%         6-21      100%        5


Dungeon Overview and Level Annotations

Branches:
Dungeon (5/15)
 Temple: D:4-7

Altars:
Okawaru
Qazlal
Ru

Shops:
D:2 (   D:3 *


Message History

The gnoll hits you from afar with a +0 spear.
The gnoll hits you but does no damage.
You slash the gnoll!
The gnoll is heavily wounded.
The gnoll hits you with a +0 whip. The gnoll barely misses you. x2
You block the gnoll's attack. The gnoll attacks as you move away!
The gnoll hits you but does no damage. The gnoll attacks as you move away!
The gnoll hits you but does no damage. The gnoll barely misses you.
The gnoll attacks as you move away! The gnoll hits you with a +0 whip.
The gnoll attacks as you move away! The gnoll hits you but does no damage.
You block the gnoll's attack. The gnoll attacks as you move away!
The gnoll closely misses you.
The gnoll is no longer moving quickly. x3
The gnoll attacks as you move away! You block the gnoll's attack.
The gnoll attacks as you move away! The gnoll hits you with a +0 whip.
The gnoll attacks as you move away! The gnoll hits you but does no damage.
The gnoll hits you with a +0 whip.
The gnoll hits you from afar with a +0 spear.
The gnoll closely misses you. x2
The gnoll attacks as you move away! The gnoll hits you with a +0 spear.
* * * LOW HITPOINT WARNING * * *
The gnoll throws a throwing net.
The throwing net hits you.
You become entangled in the net!
You see here a throwing net.
You struggle against the net.
The gnoll hits you from afar with a +0 spear.
* * * LOW HITPOINT WARNING * * *
It was a potion of cancellation.
You feel magically purged. The gnoll barely misses you.
The gnoll hits you but does no damage.
The gnoll hits you from afar with a +0 spear.
* * * LOW HITPOINT WARNING * * *
You struggle against the net.
The gnoll hits you but does no damage. The gnoll hits you with a +0 whip.
* * * LOW HITPOINT WARNING * * *
The gnoll hits you from afar with a +0 spear!
* * * LOW HITPOINT WARNING * * *
You struggle against the net.
The gnoll hits you from afar with a +0 halberd!
You die...

#................
####.............
#........(....
#.............
##............
#####..........#
...####.#######
#.####.# #...#@.#
####..g##
##...gg###
.....###o..#
...... ###.###
#.....##..o..#
.............####
# ....#.........#
... #......##.#


You could see 3 gnolls and an orc.

Vanquished Creatures
  A hound (D:5)
  2 orc priests
  A jelly (D:4)
  A gnoll bouda (D:5)
  An orc wizard (D:2)
  6 gnolls
  3 adders
  A shadow imp (D:4)
  2 worms
  14 orcs
  4 ball pythons
  6 endoplasms
  4 giant cockroaches
  8 hobgoblins
  8 jackals
  A quokka (D:4)
  7 bats
  3 frilled lizards
  11 goblins
  6 kobolds
  4 rats
94 creatures vanquished.

Notes
Turn   | Place    | Note
-------+----------+-------------------------------------------
     0 | D:1      | maxinsky the Human Fighter began the quest for the Orb.
     0 | D:1      | Reached XP level 1. HP: 18/18 MP: 1/1
   127 | D:1      | Reached XP level 2. HP: 23/24 MP: 2/2
   389 | D:1      | Reached XP level 3. HP: 29/30 MP: 3/3
   660 | D:2      | Reached XP level 4. HP: 37/38 MP: 4/4
   713 | D:2      | Found Affotzy's Antique Weapon Emporium.
   794 | D:2      | Reached skill level 5 in Fighting
   974 | D:2      | Reached XP level 5. HP: 42/44 MP: 5/5
  1384 | D:3      | Found Ongucwug's General Store.
  2065 | D:4      | Identified the +0 pair of boots "Jezuoti" {rF+ rC- Int+3
                  | Slay+3}
  2108 | D:4      | Reached XP level 6. HP: 51/51 MP: 6/6
  2309 | D:4      | Reached skill level 5 in Armour
  2514 | D:4      | Reached skill level 1 in Throwing
  2759 | D:4      | Identified the +0 ring mail of Lyxkefetz {Rampage rF- Dex+2
                  | SInv}
  3183 | D:5      | Entered Level 5 of the Dungeon
  3231 | D:5      | Found a sacrificial altar of Ru.
  3234 | D:5      | Found a stormy altar of Qazlal.
  3238 | D:5      | Found an iron altar of Okawaru.
  3264 | D:5      | Reached XP level 7. HP: 56/56 MP: 7/7
  3294 | D:5      | Slain by a gnoll

Illustrated notes

Levels and vault maps discovered:
D:1:      dpeg_arrival_tiny_a, layout_rooms
D:2:      layout_rooms, serial_shops, shop
D:3:      layout_loops_ring, serial_shops, shop
D:4:      layout_loops_cross
D:5:      layout_rooms, grunt_temple_overflow_open

Skill      XL: |  1  2  3  4  5  6 |
---------------+-------------------+-----
Fighting       | 4 5 |  5.2
Armour         | 4 5 |  5.0
Throwing       | 2 |  2.7
Long Blades    | |  2.0
Dodging        | |  0.4
Shields        | |  3.0

Action                     |  1- 3 |  4- 6 |  7- 9 || total
---------------------------+-------+-------+-------++-------
  Melee: Long sword        |    83 |   198 |     2 ||   283
  Throw: Javelin           |       |    14 |       ||    14
    Use: Scroll            |       |     4 |       ||     4
         Potion            |       |       |     1 ||     1
 Armour: Scale mail        |    43 |    86 |       ||   129
         Ring mail         |       |    10 |     8 ||    18
  Dodge: Dodged            |    31 |    84 |    10 ||   125
  Block: Buckler           |    21 |    37 |     3 ||    61
